 Dungeon Crawl Stone Soup version 0.28.0-53-g5a82cb258f (webtiles) character file.

Game seed: 2619796272059136724

411 Ethylacetat the Shooter (level 6, -2/57 HPs)
             Began as a Naga Hunter on May 23, 2022.
             Slain by a water moccasin skeleton (3 damage)
             ... on level 4 of the Dungeon.
             The game lasted 00:12:03 (3761 turns).

Ethylacetat the Shooter (Naga Hunter)               Turns: 3761, Time: 00:12:03

Health: -2/57      AC:  3    Str: 14    XL:     6   Next: 90%
Magic:  6/6        EV:  9    Int: 12    God:
Gold:   192        SH:  0    Dex: 13    Spells: 4/5 levels left

rFire   . . .      SeeInvis +   k - +4 quarterstaff (chaos)
rCold   . . .      Faith    .   (shield currently unavailable)
rNeg    . . .      Spirit   .   c - +0 leather armour
rPois   +          Reflect  .   (no helmet)
rElec   .          Harm     .   (no cloak)
rCorr   .          Rampage  .   (no gloves)
Will    .....                   (no barding)
Stlth   ++........              (no amulet)
HPRegen 0.19/turn               (no ring)
MPRegen 0.10/turn               (no ring)

@: brilliant, very slow
A: AC +2, large, see invisible, deformed body, poison resistance, slowness 2,
spit poison 1, naga tail 1
a: Spit Poison


You were on level 4 of the Dungeon.
You visited 1 branch of the dungeon, and saw 4 of its levels.

You collected 192 gold pieces.

Inventory:

Hand Weapons
 a - a +1 shortbow
 k - a +4 quarterstaff of chaos (weapon)
Missiles
 d - 37 arrows
Armour
 c - a +0 leather armour (worn)
Jewellery
 n - a ring of protection from cold
Wands
 b - a wand of polymorph (7)
 q - a wand of digging (5)
Scrolls
 e - 2 scrolls of identify {unknown}
 f - 2 scrolls of teleportation {unknown}
 g - a scroll of torment {unknown}
 h - a scroll of vulnerability {unknown}
 i - 2 scrolls of holy word {unknown}
 j - a scroll of summoning {unknown}
 m - a scroll of acquirement {unknown}
 o - a scroll of enchant armour {unknown}
 s - a scroll of immolation {unknown}
 t - a scroll of noise {unknown}
Potions
 l - a potion of curing
 p - a potion of brilliance
 r - 2 potions of flight


   Skills:
 + Level 3.9 Fighting
 * Level 6.5 Bows
 - Level 0.2 Armour
 - Level 1.5 Dodging
 - Level 1.5 Stealth


You had 4 spell levels left.
You knew the following spells:

 Your Spells              Type           Power      Damage    Failure   Level
a - Apportation           Tloc           0%         N/A       38%         1

Your spell library contained the following spells:

 Spells                   Type           Power      Damage    Failure   Level
 Animate Skeleton         Necr           0%         N/A       38%         1
 Sandblast                Erth           0%         2d4       38%         1
 Summon Small Mammal      Summ           0%         N/A       38%         1
 Passwall                 Tmut/Erth      0%         N/A       54%         2
 Stone Arrow              Conj/Erth      0%         3d7       77%         3


Dungeon Overview and Level Annotations

Branches:
Dungeon (4/15)
 Temple: D:4-7

Altars:


Innate Abilities, Weirdness & Mutations

Your serpentine skin is tough. (AC +2)
You have supernaturally acute eyesight. (SInv)
Armour fits poorly on your strangely shaped body.
Your system is resistant to poisons. (rPois)
You cover ground very slowly.
You can spit poison.
You have a snake-like lower body.


Message History

The water moccasin skeleton barely misses you.
The water moccasin skeleton bites you.
You hit the water moccasin skeleton.
The water moccasin skeleton seems to speed up.
The water moccasin skeleton is lightly damaged.
The water moccasin skeleton bites you.
The water moccasin skeleton bites you but does no damage.
You completely miss the water moccasin skeleton.
The water moccasin skeleton is lightly damaged.
The water moccasin skeleton bites you. x2
You barely miss the water moccasin skeleton.
The water moccasin skeleton is lightly damaged.
The water moccasin skeleton bites you.
The water moccasin skeleton bites you but does no damage.
The water moccasin skeleton bites you.
It was a potion of brilliance.
You feel clever all of a sudden. The water moccasin skeleton misses you.
The bullfrog skeleton hits you.
* * * LOW HITPOINT WARNING * * *
You feel better. The water moccasin skeleton bites you!
* * * LOW HITPOINT WARNING * * *
The bullfrog skeleton hits you but does no damage.
A gnoll shaman comes into view. It is wielding a +0 whip.
The water moccasin skeleton barely misses you.
The bullfrog skeleton closely misses you.
The gnoll shaman moves out of view.
You barely miss the water moccasin skeleton.
The water moccasin skeleton is lightly damaged.
The water moccasin skeleton bites you.
* * * LOW HITPOINT WARNING * * *
The water moccasin skeleton bites you.
* * * LOW HITPOINT WARNING * * *
The bullfrog skeleton barely misses you.
The water moccasin skeleton bites you.
* * * LOW HITPOINT WARNING * * *
You sock the water moccasin skeleton! You burn the water moccasin skeleton.
The water moccasin skeleton is heavily damaged.
The bullfrog skeleton closely misses you.
The water moccasin skeleton bites you.
You die...

. . ###.... #.......
...#.#!#.#.### #.......
. . ..#.#.....#
+.......
.#.........#.###.......
...##.##.....##.......
###(#...#)###..........
#Z....?....!#.#........
##.#Z..#.###..........
##@##..............
#...Z.....#...#######.
......#.#......## #
###.#.#!#.#..†.# # .
###....### #. .#### #


You could see a water moccasin skeleton (fast) and a bullfrog skeleton.

Vanquished Creatures
  A scorpion (D:4)
  Crazy Yiuf (D:2)
  Jessica (D:3)
  2 iguanas
  Natasha (thrice) (D:2)
  A hound skeleton (D:2)
  5 adders
  A worm (D:3)
  2 dart slugs (D:1)
  11 orcs (D:3)
  5 bats
  9 endoplasms
  3 giant cockroaches
  9 hobgoblins
  4 jackals (D:1)
  7 kobolds
  4 quokkas
  16 ball pythons
  4 frilled lizards
  3 goblins
  8 rats
100 creatures vanquished.

Notes
Turn   | Place    | Note
-------+----------+-------------------------------------------
     0 | D:1      | Ethylacetat the Naga Hunter began the quest for the Orb.
     0 | D:1      | Reached XP level 1. HP: 19/19 MP: 1/1
    94 | D:1      | Reached skill level 4 in Bows
    94 | D:1      | Reached XP level 2. HP: 26/26 MP: 2/2
   185 | D:1      | You fall into a shaft and drop 1 floor!
   339 | D:1      | Reached XP level 3. HP: 15/32 MP: 3/3
   941 | D:2      | Reached XP level 4. HP: 11/39 MP: 4/4
  1285 | D:2      | Reached skill level 5 in Bows
  1316 | D:2      | Found a runed translucent door.
  1317 | D:2      | Noticed Crazy Yiuf
  1327 | D:2      | Killed Crazy Yiuf
  1615 | D:2      | Noticed Natasha
  1618 | D:2      | Killed Natasha
  1619 | D:2      | Reached XP level 5. HP: 44/46 MP: 5/5
  1918 | D:2      | Noticed Natasha
  1922 | D:2      | Killed Natasha
  2159 | D:2      | Noticed Natasha
  2169 | D:2      | Killed Natasha
  2577 | D:3      | Found a faded altar of an unknown god.
  2580 | D:3      | Reached XP level 6. HP: 55/56 MP: 6/6
  2653 | D:3      | Learned a level 1 spell: Apportation
  2818 | D:3      | Noticed Jessica
  2823 | D:3      | Killed Jessica
  2824 | D:3      | Reached skill level 6 in Bows
  3760 | D:4      | HP: 1/57 [water moccasin skeleton (5)]
  3761 | D:4      | Slain by a water moccasin skeleton

Illustrated notes

Levels and vault maps discovered:
D:1:      minmay_arrival_jagged, layout_rooms
D:2:      layout_basic, kennysheep_generic_room_12, uniq_natasha,
          uniq_crazy_yiuf_cottage
D:3:      minmay_bubble_buster, layout_loops_ring,
          dreamdust_ecumenical_altar_statues, chequers_serial_rivers_room_b,
          kennysheep_jessica_study
D:4:      layout_basic, minmay_fractal_squares_5

Skill      XL: |  1  2  3  4  5  6 |
---------------+-------------------+-----
Bows           | 4 5 6 |  6.5
Fighting       | 3 |  3.9
Armour         | |  0.2
Dodging        | |  1.5
Stealth        | |  1.5

Action                   |  1- 3 |  4- 6 || total
-------------------------+-------+-------++-------
Melee: Short sword       |    44 |     8 ||    52
       Unarmed           |       |     4 ||     4
       Quarterstaff      |       |   121 ||   121
 Fire: Shortbow          |    17 |     2 ||    19
 Abil: Spit Poison       |    38 |    26 ||    64
  Use: Potion            |       |     4 ||     4
 Stab: Petrified         |       |     2 ||     2
Armor: Leather armour    |    26 |    32 ||    58
Dodge: Dodged            |    34 |    77 ||   111
